 Dungeon Sprint DCSS version 0.23-a0-143-g1adec7b (webtiles) character file.

19 Fang the Skirmisher (level 2, -6/30 HPs)
             Began as a Gargoyle Berserker on Sept 5, 2018.
             Was a Priest of Trog.
             Mangled by a gargoyle
             ... wielding a +0 mace
              (19 damage)
             ... in the Dungeon (Sprint IX: "|||||||||||||||||||||||||||||").
             The game lasted 00:00:37 (488 turns).

Fang the Skirmisher (Gargoyle Berserker)             Turns: 488, Time: 00:00:37

Health: -6/30      AC:  7    Str: 25    XL:     2   Next: 75%
Magic:  2/2        EV: 12    Int: 10    God:    Trog [***...]
Gold:   0          SH:  0    Dex:  9    Spells: 1/1 levels left

rFire    . . .     SeeInvis .   m - +3 war axe (chop)
rCold    . . .     Gourm    .   (no shield)
rNeg     + . .     Faith    .   b - +0 animal skin
rPois    ∞         Spirit   .   (no helmet)
rElec    +         Reflect  .   (no cloak)
rCorr    .         Harm     .   (no gloves)
MR       .....     NoTele   +   (no boots)
Stlth    ..........             (no amulet)
HPRegen  0.10/turn              a - +3 ring of intelligence
MPRegen  0.08/turn              n - +2 ring of protection

@: berserking, very quick
A: negative energy resistance 1, electricity resistance, unbreathing,
petrification resistance, rot immunity, AC +2
a: Berserk, Trog's Hand, Renounce Religion


You were in the Dungeon.
You worshipped Trog.
Trog was most pleased with you.
You were not hungry.

You visited 1 branch

Inventory:

Hand Weapons
 m - a +3 war axe of chopping (weapon)
Armour
 b - a +0 animal skin (worn)
Jewellery
 a - a +3 ring of intelligence (left hand)
 n - a +2 ring of protection (right hand)
Wands
 l - a wand of acid (10)
Scrolls
 i - 2 scrolls of blinking
 k - 3 scrolls of remove curse
Potions
 d - 5 potions of curing
 e - 3 potions of heal wounds
 f - a potion of haste
 g - 4 potions of magic
 h - a potion of berserk rage
 j - a potion of invisibility
Comestibles
 c - a ration


   Skills:
 + Level 4.9 Fighting
 + Level 4.0 Axes
 + Level 2.8 Armour
 + Level 2.1 Dodging


You had one spell level left.
You didn't know any spells.
Your spell library was empty.

Dungeon Overview and Level Annotations

Branches:
Dungeon (1/1)

Altars:
Cheibriados
Dithmenos
Elyvilon
Fedhas
Gozag
Hepliaklqana
Kikubaaqudgha
Makhleb
Nemelex Xobeh
Okawaru
Qazlal
Ru
Sif Muna
Trog
Uskayaw
Vehumet
Wu Jian
Xom
Yredelemnul
Zin
The Shining One
Beogh
Jiyva
Lugonu


Innate Abilities, Weirdness & Mutations

You are resistant to torment.
Your stone body is resilient. (AC +2)
You are immune to poison.
You resist negative energy. (rN+)
You are resistant to electric shocks. (rElec)
You can survive without breathing.
You are immune to petrification.
You are immune to rotting.


Message History

You are too injured to fight recklessly!
You are too injured to fight recklessly!
You are too injured to fight recklessly!
You are too injured to fight recklessly!
You are too injured to fight recklessly!
You are too injured to fight recklessly!
You are too injured to fight recklessly!
You are too injured to fight recklessly!
You are too injured to fight recklessly!
You slash the gargoyle!
The gargoyle is severely damaged.
The gargoyle misses you.
You hit the gargoyle but do no damage.
The gargoyle is severely damaged.
The gargoyle hits you but does no damage.
You hit the gargoyle but do no damage.
The gargoyle is severely damaged.
The gargoyle hits you with a mace!!
Ouch! That really hurt!
You die... ▓▓▓▓▓▓▓▓▓▓▓▓▓▓▓▓▓▓▓▓▓▓▓▓ _______'.?|)[[[.@9nDZYY. ▓▓▓▓▓▓▓▓▓▓▓▓▓▓▓▓▓▓▓▓▓▓▓▓

You could see a yak, a steam dragon, a gargoyle, an ice beast, a necrophage and a jackal skeleton.

Vanquished Creatures
  A shadow imp (D)
  A leopard gecko (D)
  An orc (D)
  A bat (D)
  A bat zombie (D)
  A goblin (D)
  A jackal (D)
  A ball python (D)
  A frilled lizard (D)
  A rat (D)
10 creatures vanquished.

Notes
Turn   | Place    | Note
-------+----------+-------------------------------------------
     0 | D        | Fang the Gargoyle Berserker began the quest for the Orb.
     0 | D        | Reached XP level 1. HP: 14/14 MP: 1/1
     8 | D        | Reached ** piety under Trog
    92 | D        | Reached XP level 2. HP: 16/20 MP: 2/2
    95 | D        | Reached *** piety under Trog
   435 | D        | Found a roughly hewn altar of Beogh.
   435 | D        | Found a snail-covered altar of Cheibriados.
   435 | D        | Found a shadowy altar of Dithmenos.
   435 | D        | Found a white marble altar of Elyvilon.
   435 | D        | Found a blossoming altar of Fedhas.
   435 | D        | Found an opulent altar of Gozag.
   436 | D        | Found a hazy altar of Hepliaklqana.
   437 | D        | Found a viscous altar of Jiyva.
   438 | D        | Found an ancient bone altar of Kikubaaqudgha.
   439 | D        | Found a corrupted altar of Lugonu.
   440 | D        | Found a burning altar of Makhleb.
   441 | D        | Found a sparkling altar of Nemelex Xobeh.
   442 | D        | Found an iron altar of Okawaru.
   443 | D        | Found a stormy altar of Qazlal.
   444 | D        | Found a sacrificial altar of Ru.
   445 | D        | Found a deep blue altar of Sif Muna.
   446 | D        | Found a bloodstained altar of Trog.
   447 | D        | Found a hide-covered altar of Uskayaw.
   448 | D        | Found a radiant altar of Vehumet.
   449 | D        | Found an ornate altar of the Wu Jian Council.
   450 | D        | Found a shimmering altar of Xom.
   451 | D        | Found a basalt altar of Yredelemnul.
   452 | D        | Found a glowing silver altar of Zin.
   453 | D        | Found a glowing golden altar of the Shining One.
   482 | D        | Noticed a gargoyle
   482 | D        | Noticed a necrophage
   482 | D        | Noticed a steam dragon
   482 | D        | Noticed an ice beast
   482 | D        | Noticed a yak
   488 | D        | Mangled by a gargoyle

Vault maps used:
D:        linesprint

Skill      XL: |  1  2 |
---------------+-------+-----
Axes           | 3 4 |  4.0
Fighting       | 4 |  4.9
Dodging        | 2 |  2.1
Armour         | |  2.8

Action                   || total
-------------------------++-------
Melee: Hand axe          ||    27
       War axe           ||     5
Invok: Berserk           ||     1
Armor: Animal skin       ||     8
Dodge: Dodged            ||    27

Table legend:
 A = Non-vault XP
 B = Vault XP
 C = Vault XP percentage of total XP
 D = Non-vault monster count
 E = Vault monster count
 F = Vault count percentage of total count
                 A         B        C        D         E       F
            +---------+---------+-------+---------+---------+-------
      Total |       0 |      28 | 100.0 |       0 |      10 | 100.0
            +---------+---------+-------+---------+---------+-------
          D |       0 |      28 | 100.0 |       0 |      10 | 100.0
            +---------+---------+-------+---------+---------+-------
